 Dungeon Crawl Stone Soup version 0.31-a0-217-g58bb5d79cf (webtiles) character file.

Game seed: 2253342890329072643

56 qw the Chopper (level 3, -1/23 HPs)
             Began as a Gargoyle Fighter on July 2, 2023.
             Killed by divine providence
             ... invoked by an orc priest
              (11 damage)
             ... on level 3 of the Dungeon.
             The game lasted 00:00:43 (1676 turns).

qw the Chopper (Gargoyle Fighter)                   Turns: 1676, Time: 00:00:44

Health: -1/23      AC: 19    Str: 21    XL:     3   Next: 95%
Magic:  3/3        EV:  7    Int:  8    God:
Gold:   167        SH:  4    Dex:  9    Spells: 2/2 levels left

rFire   . . .        Y - +0 war axe (protect)
rCold   . . .        c - +0 buckler
rNeg    + . .        j - +0 chain mail
rPois   inf          (no helmet)
rElec   +            (no cloak)
rCorr   +            (no gloves)
SInv    .            (no boots)
Will    .....        (no amulet) Stlth
                     h - ring of resist corrosion
HPRegen 0.23/turn    (no ring)
MPRegen 0.08/turn

%: no passive effects
@: under a protective aura
A: sickness immunity, AC +3, negative energy resistance 1, electricity
resistance, torment resistance 1, petrification resistance
a: no special abilities


You were on level 3 of the Dungeon.
You visited 1 branch of the dungeon, and saw 3 of its levels.

You collected 167 gold pieces.


Innate Abilities, Weirdness & Mutations

You are immune to sickness and miasma.
Your stone body is resilient. (AC +3)
You are immune to poison.
You resist negative energy. (rN+)
You are resistant to electric shocks. (rElec)
You are resistant to unholy torment.
You are immune to petrification.


   Skills:
 - Level 3.2 Fighting
 + Level 3.7 Axes
 - Level 3.2 Armour
 - Level 3.2 Shields


You had 2 spell levels left.
You didn't know any spells.
Your spell library was empty.

Inventory:

Hand Weapons
 k - a +2 mace of protection
 Y - a +0 war axe of protection (weapon)
Armour
 c - a +0 buckler (worn)
 j - a +0 chain mail (worn)
Jewellery
 h - a ring of resist corrosion (left hand)
Scrolls
 a - a scroll of teleportation
Potions
 b - a potion of degeneration {unknown}
 d - a potion of might
 e - a potion of curing {unknown}
 f - a potion of attraction
 i - a potion of invisibility {unknown}
 l - a potion of ambrosia {unknown}

Dungeon Overview and Level Annotations

Branches:
Dungeon (3/15)

Altars:


Message History

The orc shouts!
You hear a shout!
The orc moves out of view.
You see here a +0 spear.
An orc priest comes into view. It is wielding a +0 club.
The orc priest shouts!
The orc wizard mumbles some strange words.
The orc wizard flickers and vanishes!
Deactivating autopickup; reactivate with Ctrl-A.
An orc comes into view. It is wielding a +0 flail.
The bat hits you but does no damage.
You hear a shout!
You slash the bat!
Your weapon exudes an aura of protection.
You kill the bat!
An orc comes into view. It is wielding a +0 flail.
The orc priest miscasts a cantrip.
An endoplasm comes into view.
The endoplasm quivers.
The orc hits you with a +0 whip.
You see here a bat corpse.
You hit the orc.
The orc is almost dead.
The orc hits you but does no damage.
You completely miss the orc.
The orc is almost dead.
You block the orc's attack.
You barely miss the orc.
The orc is almost dead.
You block the orc's attack.
The orc priest calls down the wrath of Beogh upon you.
Beogh smites you!
Ouch! That really hurt!
You slash the orc!
Your weapon exudes an aura of protection.
You kill the orc!
The orc priest looks satisfied for a moment.
You closely miss the orc priest.
The orc priest mumbles some strange prayers to Beogh against you.
Beogh smites you!
You die...

#.......#.#
#.........### .
#......##.... ..
#########.### ... #....
.... ##.... ..... #..###
.....J#############.###
....{oo@.)............##
......#########..####...
..... ##...##### ....
###..# ##. #... # ##.. .


You could see an orc priest, an orc and an endoplasm.

Vanquished Creatures
  2 adders
  A worm (D:2)
  A dart slug (D:2)
  2 orcs (D:3)
  4 bats
  2 endoplasms
  2 giant cockroaches (D:1)
  4 goblins
  3 hobgoblins
  2 quokkas (D:2)
  2 ball pythons
  2 kobolds
  2 rats (D:2)
29 creatures vanquished.

Notes
Turn   | Place    | Note
-------+----------+-------------------------------------------
     0 | D:1      | qw the Gargoyle Fighter began the quest for the Orb.
     0 | D:1      | Reached XP level 1. HP: 14/14 MP: 1/1
     0 | D:1      | 0 ||| qw: Version: 0.3-a-40-ge99b1a8
     0 | D:1      | 0 ||| qw: Game counter: 13
     0 | D:1      | 0 ||| qw: Melee chars always use a shield: true
     0 | D:1      | 0 ||| qw: God list: Okawaru
     0 | D:1      | 0 ||| qw: Allow faded altars: false
     0 | D:1      | 0 ||| qw: Do Orc after clearing Dungeon:15 true
     0 | D:1      | 0 ||| qw: Do second Lair branch before Depths: true
     0 | D:1      | 0 ||| qw: Lair rune preference: random
     0 | D:1      | 0 ||| qw: Goals: Normal, Zot:1-4, Slime:5, God:TSO, Crypt,
                  | Tomb, Abyss, Pan, Hells, Win
     0 | D:1      | 0 ||| PLANNING D:1-11
   474 | D:1      | Reached XP level 2. HP: 19/19 MP: 2/2
   575 | D:1      | 575 ||| DROPPING +0 club.
  1083 | D:1      | 1083 ||| DROPPING ring of flight.
  1084 | D:1      | 1084 ||| UPGRADING to ring of resist corrosion.
  1085 | D:1      | 1085 ||| READING scroll labelled PIOK QAAHI.
  1086 | D:1      | 1086 ||| READING scroll labelled EHUCZUPADO.
  1087 | D:1      | 1087 ||| READING scroll labelled BUS ECSOPUNU.
  1090 | D:1      | 1090 ||| DRINKING 2 inky potions.
  1342 | D:2      | Reached skill level 3 in Axes
  1359 | D:2      | Reached XP level 3. HP: 19/23 MP: 3/3
  1398 | D:2      | 1398 ||| Stepping ~*~*~tactically~*~*~ (hiding).
  1399 | D:2      | 1399 ||| Stepping ~*~*~tactically~*~*~ (hiding).
  1543 | D:2      | 1543 ||| UPGRADING to +0 chain mail.
  1553 | D:2      | 1553 ||| DROPPING +0 scale mail.
  1554 | D:2      | 1554 ||| READING scroll labelled PADORCH WOISOPA.
  1555 | D:2      | 1555 ||| READING scroll labelled IRULOS CEMAPN.
  1626 | D:3      | 1626 ||| Stepping ~*~*~tactically~*~*~ (stealth).
  1628 | D:3      | 1628 ||| Stepping ~*~*~tactically~*~*~ (stealth).
  1676 | D:3      | Killed from afar by an orc priest

Levels and vault maps discovered:
D:1:      minmay_arrival_checkered_box, layout_loops_corners, serial_forest,
          infiniplex_forest_straight_2, infiniplex_forest_end_1,
          infiniplex_forest_clump_tiny, infiniplex_forest_clump_diagonal,
          infiniplex_forest_clump_double, infiniplex_forest_join,
          infiniplex_forest_3_way, infiniplex_forest_lined_2,
          infiniplex_forest_clump_small, infiniplex_forest_end_2
D:2:      layout_rooms, minmay_splitting_lines
D:3:      layout_rooms, uniq_terence

Skill      XL: |  1  2 |
---------------+-------+-----
Axes           | 2 3 |  3.7
Fighting       | |  3.2
Armour         | |  3.2
Shields        | |  3.2

Action                     || total
---------------------------++-------
  Melee: War axe           ||   109
  Throw: Boomerang         ||     1
    Use: Scroll            ||     5
         Potion            ||     1
 Armour: Scale mail        ||    53
         Chain mail        ||     9
  Dodge: Dodged            ||    41
  Block: Buckler           ||    22

Table legend:
 A = Non-vault XP
 B = Vault XP
 C = Vault XP percentage of total XP
 D = Non-vault monster count
 E = Vault monster count
 F = Vault count percentage of total count
                 A         B        C        D         E       F
            +---------+---------+-------+---------+---------+-------
      Total |      80 |       0 |   0.0 |      29 |       0 |   0.0
            +---------+---------+-------+---------+---------+-------
        D:1 |      16 |       0 |   0.0 |       9 |       0 |   0.0
        D:2 |      41 |       0 |   0.0 |      14 |       0 |   0.0
        D:3 |      23 |       0 |   0.0 |       6 |       0 |   0.0
            +---------+---------+-------+---------+---------+-------
